 Dungeon Crawl Stone Soup version 0.23.0 (webtiles) character file.

Game seed: 8096707961785931735

71405 night the Brawler (level 14, -6/140 HPs)
             Began as a Troll Hunter on Feb 11, 2019.
             Was the Champion of Okawaru.
             Killed from afar by a salamander mystic (37 damage)
             ... with a bolt of magma
             ... in a volcano on Feb 12, 2019.
             The game lasted 01:19:47 (18064 turns).

night the Brawler (Troll Hunter)                   Turns: 18064, Time: 01:19:49

Health: -6/140     AC: 12    Str: 30    XL:     14   Next: 97%
Magic:  19/19      EV:  8    Int: 10    God:    Okawaru [******]
Gold:   1287       SH: 22    Dex:  8    Spells: 13/13 levels left

rFire    . . .     SeeInvis +     - Unarmed
rCold    . . .     Gourm    +   Q - +1 large shield of the Pits of Slime {Stlth+}
rNeg     . . .     Faith    .   l - +0 troll leather armour of Iblilyur {Regen+ Int+3 Dex-2 SInv}
rPois    +         Spirit   .   i - +2 hat
rElec    .         Reflect  +   K - +1 cloak {MR+}
rCorr    .         Harm     .   (gloves unavailable)
MR       ++...                  (boots unavailable)
Stlth    ++........             X - +2 amulet of reflection
HPRegen  1.13/turn              L - +3 ring of strength
MPRegen  0.16/turn              B - ring of poison resistance

@: no status effects
A: large, unfitting armour, claws 3, fast metabolism 3, gourmand, regeneration
1, shaggy fur 1, tough skin 3
a: Heroism, Finesse, Renounce Religion


You were in a volcano.
You worshipped Okawaru.
Okawaru was exalted by your worship.
You were not hungry.

You visited 4 branches of the dungeon, and saw 20 of its levels.
You also visited: Ossuary and Volcano.

You collected 1611 gold pieces.
You spent 324 gold pieces at shops.

Inventory:

Hand Weapons
 b - a +3 hunting sling of flaming
 P - a +0 blowgun
 Y - a +1 hunting sling of venom
Missiles
 a - 471 stones
 c - 11 large rocks (quivered)
 k - 63 poisoned needles
 o - 15 javelins
 p - 32 sling bullets
 C - 3 tomahawks of returning
 O - 2 throwing nets
 S - 5 needles of confusion
 U - 2 needles of paralysis
Armour
 d - a +1 shield of cold resistance
 i - a +2 hat (worn)
 l - the +0 troll leather armour of Iblilyur (worn) {Regen+ Int+3 Dex-2 SInv}
   (Okawaru gifted it to you on level 2 of the Lair of Beasts)

   It affects your intelligence (+3).
   It affects your dexterity (-2).
   It lets you see invisible.
   It increases your rate of regeneration.
 K - a +1 cloak of magic resistance (worn)
 Q - the +1 large shield of the Pits of Slime (worn) {Stlth+}
   (Okawaru gifted it to you on level 4 of the Lair of Beasts)

   It makes you more stealthy.
Jewellery
 g - an uncursed ring of see invisible
 z - an uncursed amulet of the acrobat
 B - a ring of poison resistance (right claw)
 E - an uncursed ring of positive energy
 L - a +3 ring of strength (left claw)
 N - the ring "Agule" {Ice Int+2 Slay+6 Stlth+}
   (You found it on level 11 of the Dungeon)

   [ring of ice]

   It enhances your ice magic.
   It affects your intelligence (+2).
   It affects your accuracy and damage with ranged weapons and melee attacks
   (+6).
   It makes you vulnerable to fire.
   It protects you from cold.
   It makes you more stealthy.
 X - a +2 amulet of reflection (around neck)
Wands
 s - a wand of digging (8)
 x - a wand of iceblast (7)
 M - a wand of scattershot (4)
 R - a wand of acid (21)
 T - a wand of disintegration (25)
Scrolls
 h - 5 scrolls of teleportation
 j - 6 scrolls of magic mapping
 n - 3 scrolls of fear
 t - 6 scrolls of enchant armour
 w - 4 scrolls of remove curse
 D - 6 scrolls of blinking
 J - 3 scrolls of identify
 W - 3 scrolls of fog
Potions
 e - 6 potions of agility
 m - 8 potions of curing
 q - a potion of invisibility
 r - 4 potions of lignification
 u - 4 potions of heal wounds
 v - 4 potions of might
 A - a potion of ambrosia
 F - a potion of resistance
 G - 3 potions of flight
 H - a potion of berserk rage
 V - 3 potions of haste
 Z - a potion of cancellation
Miscellaneous
 I - a phantom mirror
Comestibles
 f - 22 rations


   Skills:
 + Level 9.2 Fighting
 + Level 10.2 Throwing
 - Level 1.5 Dodging
 - Level 0.3 Stealth
 + Level 11.1 Shields
 * Level 15.2 Unarmed Combat
 - Level 8.1 Invocations


You had 13 spell levels left.
You didn't know any spells.
Your spell library contained the following spells:

 Spells                   Type           Power        Failure   Level  Hunger
 Shock                    Conj/Air       #...         69%         1    ##.....
 Swiftness                Chrm/Air       #.......     83%         2    ###....
 Recall                   Summ/Tloc      N/A          96%         3    ####...
 Static Discharge         Conj/Air       #.......     96%         3    ####...
 Airstrike                Air            #.........   100%        4    #####..
 Aura of Abjuration       Summ           #.........   100%        5    ######.
 Lightning Bolt           Conj/Air       #.........   100%        5    ######.
 Summon Demon             Summ           #.........   100%        5    ######.
 Summon Forest            Summ/Tloc      #.........   100%        5    ######.
 Summon Mana Viper        Hex/Summ       #.......     100%        5    ######.
 Shadow Creatures         Summ           N/A          100%        6    #######


Dungeon Overview and Level Annotations

Branches:
Dungeon (12/15)            Temple (1/1) D:7            Lair (6/6) D:10
  Swamp (0/4) Lair:3       Spider (0/4) Lair:2        Slime (0/5) Lair:5
    Orc (1/2) D:10

Altars:
Ashenzari
Cheibriados
Dithmenos
Elyvilon
Fedhas
Gozag
Hepliaklqana
Kikubaaqudgha
Makhleb
Nemelex Xobeh
Okawaru
Qazlal
Ru
Sif Muna
Trog
Uskayaw
Vehumet
Wu Jian
Xom
Yredelemnul
Zin
The Shining One

Shops:
D:4 %   D:8 *   D:10 **?((   D:11 (


Innate Abilities, Weirdness & Mutations

You are too large for most types of armour.
You have claws for hands.
Your metabolism is lightning-fast.
You like to eat raw meat.
Your natural rate of healing is unusually fast.
You are covered in fur. (AC +1)
You have extremely tough skin. (AC +3)


Message History

You block the salamander's attack.
You block the salamander mystic's attack.
The salamander hits you from afar with a +0 halberd!
You are engulfed in flames!
You are too injured to fight recklessly!
You are too injured to fight recklessly!
You are too injured to fight recklessly!
You are too injured to fight recklessly!
You mangle the salamander mystic!!
The salamander mystic is heavily wounded.
The salamander mystic points at you and mumbles some strange words.
The bolt of magma hits you!!
* * * LOW HITPOINT WARNING * * *
You block the salamander's attack. x2
You scratch the salamander mystic but do no damage.
The salamander mystic is heavily wounded.
You block the salamander's attack.
The salamander mystic casts a spell at you.
The bolt of magma hits you!!!
You die...

≈≈≈≈≈≈§§§○○°§§..........§§≈§§≈§§§
§§§≈≈≈≈.########+########.≈≈≈≈§§§
≈§§≈≈≈≈.# #.# #.§§§§§§§ ≈§§§≈...#
#.# #.§§≈§≈≈≈ ≈≈§..≈§.# #.#
#.§§§§≈≈§ ≈..§§§§.# #.# #.§§§§§≈§
§≈§§≈§§.######.#.#.######§≈§§≈§≈≈
≈≈§≈≈§≈.#......#.#......#§≈§≈§§≈≈
§§≈≈§≈≈.###++###@###++###.≈≈≈≈§§≈
§≈≈§≈§..# #.)N..# #.§§≈≈≈≈≈
§≈≈§≈§☼○# #N8N8.# #§§§§≈≈≈≈
§≈≈§§≈≈☼# +.....+ #.§≈≈§§≈≈
§≈≈≈≈§≈.#################.≈§≈≈§≈§
§§§≈≈≈§.........§........≈≈§≈§§≈≈
§≈≈≈≈≈≈≈≈≈≈≈.≈§≈≈≈.§§.≈≈≈≈≈≈§§≈§≈
§§≈≈≈≈§§≈≈≈≈≈≈≈≈§§§§§≈≈§§≈≈§§§§§≈
§§≈≈≈≈§≈≈≈≈≈≈≈≈≈§≈§§≈≈≈≈≈≈§≈§§≈≈≈


You could see a salamander mystic and 2 salamanders.

Vanquished Creatures
  2 entropy weavers (Lair:4)
  Snorg (Lair:3)
  An ice dragon (Lair:6)
  4 hydras
  A two-headed ogre (D:10)
  A queen ant (Lair:4)
  Urug (Lair:1)
  4 death yaks (Lair:6)
  5 skeletal warriors
  2 lindwurms (Lair:6)
  A cyclops (Orc:1)
  2 orc sorcerers (Orc:1)
  A salamander (Volcano)
  2 ugly things
  3 black mambas
  9 elephants (Lair:3)
  5 torpor snails (Lair:6)
  11 spiny frogs
  2 rime drakes
  9 komodo dragons
  3 tyrant leeches (Lair:6)
  7 trolls
  2 jumping spiders (Lair:2)
  8 hornets
  8 hippogriffs
  13 blink frogs (Lair:2)
  Sigmund (D:4)
  47 yaks
  A wraith (D:11)
  4 wyverns
  A steam dragon (Lair:4)
  A shadow (D:11)
  3 basilisks
  5 vampire mosquitoes (Lair:3)
  2 fire bats (Volcano)
  24 soldier ants (Lair:4)
  11 water moccasins
  10 porcupines
  4 black bears
  13 orc warriors
  3 sky beasts
  A necrophage (D:11)
  2 eyes of draining
  4 ice beasts
  11 ogres
  2 phantoms
  A hornet zombie (D:10)
  4 centaurs
  6 big kobolds
  8 crocodiles
  Blork the orc (D:6)
  17 bullfrogs
  4 gnoll sergeants (D:10)
  2 water moccasin zombies (Ossuary)
  An elf zombie (D:8)
  3 elf skeletons (D:8)
  5 scorpions
  A water moccasin skeleton (D:3)
  4 killer bees (D:7)
  12 wights
  6 electric eels
  5 howler monkeys
  4 crimson imps
  8 lava snakes (Volcano)
  3 quasits
  2 bullfrog zombies (D:6)
  5 centaur zombies
  9 hounds
  9 orc priests
  3 bullfrog skeletons
  2 jellies (D:11)
  20 orc wizards
  A gnoll shaman (D:7)
  4 centaur skeletons
  Ijyb (D:4)
  4 iguanas
  A human skeleton (D:8)
  25 worker ants
  2 mummies (Ossuary)
  A howler monkey skeleton (D:7)
  14 adders
  10 gnolls
  9 adder zombies
  An adder skeleton (D:9)
  A worm (D:2)
  2 dart slugs
  6 leopard geckos
  63 orcs
  3 ball pythons
  4 bats
  A giant cockroach (D:4)
  14 goblins
  5 hobgoblins
  10 jackals
  16 kobolds
  6 quokkas
  9 frilled lizards
  3 gnoll zombies (Ossuary)
  6 hobgoblin zombies (Ossuary)
  3 kobold zombies (Ossuary)
  An orc skeleton (D:8)
  3 orc zombies (Ossuary)
  A quokka skeleton (D:8)
  6 rats
639 creatures vanquished.

Vanquished Creatures (collateral kills)
  A soldier ant (Lair:4)
1 creature vanquished.

Vanquished Creatures (others)
  3 fungi
  15 plants
18 creatures vanquished.

Grand Total: 658 creatures vanquished

Notes
Turn   | Place    | Note
-------+----------+-------------------------------------------
     0 | D:1      | night the Troll Hunter began the quest for the Orb.
     0 | D:1      | Reached XP level 1. HP: 19/19 MP: 0/0
   228 | D:1      | Reached skill level 1 in Unarmed Combat
   248 | D:1      | Reached XP level 2. HP: 28/28 MP: 1/1
   787 | D:2      | Reached XP level 3. HP: 29/35 MP: 2/2
   808 | D:2      | Reached skill level 2 in Unarmed Combat
  1093 | D:2      | Reached XP level 4. HP: 42/42 MP: 3/3
  1578 | D:3      | Reached skill level 3 in Unarmed Combat
  1588 | D:3      | Reached XP level 5. HP: 17/50 MP: 4/4
  2179 | D:4      | Reached skill level 4 in Unarmed Combat
  2218 | D:4      | Noticed Sigmund
  2227 | D:4      | Killed Sigmund
  2227 | D:4      | Reached XP level 6. HP: 33/61 MP: 5/5
  2338 | D:4      | Found Tifil's Food Boutique.
  2402 | D:4      | Reached skill level 5 in Unarmed Combat
  2444 | D:4      | Noticed Ijyb
  2452 | D:4      | Killed Ijyb
  2452 | D:4      | Reached skill level 5 in Throwing
  2452 | D:4      | Reached XP level 7. HP: 37/67 MP: 6/6
  3003 | D:5      | Entered Level 5 of the Dungeon
  3109 | D:5      | Reached skill level 6 in Unarmed Combat
  3356 | D:5      | Reached XP level 8. HP: 78/78 MP: 7/7
  3588 | D:6      | Noticed Blork the orc
  3591 | D:6      | Killed Blork the orc
  3668 | D:6      | Reached skill level 7 in Unarmed Combat
  4021 | D:6      | Reached skill level 5 in Fighting
  4021 | D:6      | Reached skill level 8 in Unarmed Combat
  4070 | D:6      | Reached XP level 9. HP: 37/88 MP: 8/8
  4498 | D:7      | Found a staircase to the Ecumenical Temple.
  4528 | Temple   | Entered the Ecumenical Temple
  4805 | Temple   | Became a worshipper of Warmaster Okawaru
  5062 | D:7      | Reached skill level 9 in Unarmed Combat
  5062 | D:7      | Reached skill level 1 in Invocations
  5252 | D:7      | Reached * piety under Okawaru
  5938 | D:8      | Found an iron altar of Okawaru.
  6104 | D:8      | Found a sand-covered staircase.
  6112 | Ossuary  | Entered an ossuary
  6647 | D:8      | Found Taecedgh's General Store.
  6654 | D:8      | Bought a scroll of remove curse for 33 gold pieces
  6706 | D:8      | Found a stormy altar of Qazlal.
  6918 | D:8      | Reached XP level 10. HP: 98/98 MP: 9/11
  6974 | D:8      | Reached ** piety under Okawaru
  6974 | D:8      | Reached skill level 10 in Unarmed Combat
  8145 | D:10     | Entered Level 10 of the Dungeon
  8145 | D:10     | Found Haromov's Antique Weapon Shop.
  8176 | D:10     | Bought a glowing hunting sling for 121 gold pieces
  8176 | D:10     | Bought a glowing hunting sling for 121 gold pieces
  8214 | D:10     | Noticed a two-headed ogre
  8230 | D:10     | Killed a two-headed ogre
  8230 | D:10     | Reached *** piety under Okawaru
  8230 | D:10     | Reached skill level 1 in Shields
  8230 | D:10     | Reached skill level 11 in Unarmed Combat
  8379 | D:10     | Found Zapamo's Antique Weapon Shoppe.
  8397 | D:10     | Reached **** piety under Okawaru
  8414 | D:10     | Reached XP level 11. HP: 103/107 MP: 13/13
  8454 | D:10     | Found Raleu's Magic Scroll Shop.
  8485 | D:10     | Bought a scroll of fear for 49 gold pieces
  8563 | D:10     | Reached ***** piety under Okawaru
  8845 | D:10     | Found a staircase to the Lair.
  8850 | D:10     | Reached skill level 5 in Invocations
  8881 | D:10     | Received a gift from Okawaru
  8914 | D:10     | Found Uloum's General Store.
  8969 | D:10     | Found Otipn's Assorted Antiques.
  9089 | D:10     | Reached XP level 12. HP: 115/115 MP: 14/14
  9138 | D:10     | Found a staircase to the Orcish Mines.
  9573 | D:11     | Found Udiesoj's Weapon Emporium.
  9681 | D:11     | Reached skill level 12 in Unarmed Combat
  9766 | D:11     | You fall through a shaft!
  9858 | D:11     | Got a slimy iron ring
  9860 | D:11     | Identified the ring "Agule" {Ice Int+2 Slay+6 Stlth+} (You
                  | found it on level 11 of the Dungeon)
 10305 | D:11     | Reached XP level 13. HP: 117/124 MP: 16/16
 10703 | Lair:1   | Entered Level 1 of the Lair of Beasts
 10706 | Lair:1   | Noticed Urug
 10722 | Lair:1   | Killed Urug
 11565 | Lair:2   | Received a gift from Okawaru
 11770 | Lair:2   | Received a gift from Okawaru
 11770 | Lair:2   | Reached skill level 13 in Unarmed Combat
 11798 | Lair:2   | Reached skill level 10 in Shields
 11803 | Lair:2   | Received a gift from Okawaru
 11837 | Lair:2   | Got a jewelled troll leather armour {god gift}
 11843 | Lair:2   | Identified the +0 troll leather armour of Iblilyur {Regen+
                  | Int+3 Dex-2 SInv} (Okawaru gifted it to you on level 2 of
                  | the Lair of Beasts)
 12246 | Lair:2   | Found a hole to the Spider Nest.
 12951 | Lair:3   | Reached ****** piety under Okawaru
 13324 | Lair:3   | Found a staircase to the Swamp.
 13652 | Lair:4   | Noticed Snorg
 13670 | Lair:3   | Killed Snorg
 13755 | Lair:4   | Reached XP level 14. HP: 132/136 MP: 18/18
 13774 | Lair:4   | Noticed an entropy weaver
 13849 | Lair:4   | Noticed an entropy weaver
 13860 | Lair:4   | Killed an entropy weaver
 13860 | Lair:4   | Received a gift from Okawaru
 13873 | Lair:4   | Killed an entropy weaver
 13873 | Lair:4   | Reached skill level 14 in Unarmed Combat
 14109 | Lair:4   | Received a gift from Okawaru
 14110 | Lair:4   | Got a crude large shield {god gift}
 14156 | Lair:3   | Identified the +1 large shield of the Pits of Slime
                  | {Stlth+} (Okawaru gifted it to you on level 4 of the Lair
                  | of Beasts)
 15455 | Lair:5   | Found a staircase to the Slime Pits.
 15752 | Lair:6   | Entered Level 6 of the Lair of Beasts
 16334 | Lair:6   | Received a gift from Okawaru
 16540 | Lair:6   | Found a runed translucent door.
 16675 | Lair:6   | Reached skill level 10 in Throwing
 16693 | Lair:6   | Reached skill level 15 in Unarmed Combat
 17467 | Orc:1    | Entered Level 1 of the Orcish Mines
 17529 | Orc:1    | Found a radiant altar of Vehumet.
 17676 | Orc:1    | Found a dark tunnel.
 17684 | Volcano  | Entered a volcano
 18053 | Volcano  | Found a burning altar of Makhleb.
 18064 | Volcano  | Killed from afar by a salamander mystic

Skill      XL: |  1  2  3  4  5  6  7  8  9 10 11 12 13 14 |
---------------+-------------------------------------------+-----
Unarmed Combat | 1 2 3 4 5 6 8 9 11 12 13 15 | 15.2
Fighting       | 2 3 4 5 6 7 8 9 |  9.2
Throwing       | 4 5 6 7 8 9 10 | 10.2
Invocations    | 2 4 5 6 7 8 |  8.1
Shields        | 2 8 9 10 11 | 11.1
Dodging        | |  1.5
Stealth        | |  0.3

Action                   |  1- 3 |  4- 6 |  7- 9 | 10-12 | 13-15 || total
-------------------------+-------+-------+-------+-------+-------++-------
Melee: Unarmed           |    99 |   184 |   389 |   583 |   784 ||  2039
       Punch             |       |     4 |    18 |     5 |       ||    27
       Giant spiked club |       |       |    10 |       |       ||    10
 Fire: Hunting sling     |       |       |       |       |    34 ||    34
Throw: Tomahawk          |       |       |     3 |     6 |       ||     9
       Stone             |       |       |       |     2 |       ||     2
       Large rock        |       |       |       |       |    12 ||    12
Invok: Heroism           |       |       |       |       |     5 ||     5
       Finesse           |       |       |       |       |     1 ||     1
Evoke: Wand              |       |       |       |       |     1 ||     1
  Use: Scroll            |       |       |     1 |    22 |     8 ||    31
       Potion            |       |       |       |     3 |       ||     3
 Stab: Sleeping          |       |     1 |     2 |       |     7 ||    10
       Distracted        |       |       |       |       |     3 ||     3
  Eat: Chunk             |    13 |    15 |    36 |    36 |    64 ||   164
Armor: Robe              |    50 |    87 |   108 |     4 |       ||   249
       Troll leather arm |       |       |       |   136 |    84 ||   220
Dodge: Dodged            |    70 |   109 |   157 |   126 |   131 ||   593
Block: Large shield      |       |       |       |    86 |   376 ||   462
       Shield            |       |       |       |   135 |    69 ||   204
       Reflection        |       |       |       |       |     7 ||     7
